 Dungeon Sprint DCSS version 0.29-a0-789-g7a8fcbc185 (webtiles) character file.

Game seed: 12527445113268529736

3033 Hipnos the Fencer (level 9, -2/73 HPs)
             Began as a Minotaur Fighter on July 3, 2022.
             Was a Follower of Qazlal.
             Slain by an elephant (3 damage)
             ... in the Dungeon (Sprint II: "The Violet Keep of Menkaure").
             The game lasted 00:06:47 (931 turns).

Hipnos the Fencer (Minotaur Fighter)                 Turns: 931, Time: 00:06:48

Health: -2/73      AC:  9    Str: 25    XL:     9   Next: 56%
Magic:  7/7        EV: 12    Int:  5    God:    Qazlal [*.....]
Gold:   280        SH:  7    Dex: 10    Spells: 8/8 levels left

rFire   + . .      SeeInvis .   k - +6 scimitar "Havoguyn" {flame, Will+}
rCold   . . .      Faith    .   c - +0 buckler
rNeg    . . .      Spirit   .   g - +0 ring mail {rF+}
rPois   .          Reflect  .   (helmet restricted)
rElec   .          Harm     .   (no cloak)
rCorr   .          Rampage  .   i - +0 pair of gloves
Will    ++...      NoTele   +   (no boots)
Stlth   +.........              (no amulet)
HPRegen 1.02/turn               (no ring)
MPRegen 0.10/turn               (no ring)

@: mighty, slowed, very slow
A: horns 2, retaliatory headbutt, frail 2, low MP 1, strong-willed 1,
regeneration 1
a: Renounce Religion


You were in the Dungeon.
You worshipped Qazlal.
Qazlal was aware of your devotion.
You visited 1 branch You collected 810 gold pieces.
You spent 530 gold pieces at shops.

Inventory:

Hand Weapons
 a - a +0 long sword
 k - the +6 scimitar "Havoguyn" (weapon) {flame, Will+}
   (You bought it in a shop in the Dungeon)

   It burns those it strikes, dealing additional fire damage.
   Big, fiery blades are also staple armaments of hydra-hunters.
   Will:      It increases your willpower.
Armour
 b - a +0 scale mail
 c - a +0 buckler (worn)
 g - a +0 ring mail of fire resistance (worn)
 i - a +0 pair of gloves (worn)
Scrolls
 j - a scroll of blinking
Potions
 d - a potion of might
 h - 2 potions of magic


   Skills:
 + Level 12.8 Fighting
 + Level 16.8 Long Blades
 + Level 12.6 Armour
 + Level 4.8 Dodging
 + Level 2.4 Stealth
 + Level 10.0 Shields


You had 8 spell levels left.
You didn't know any spells.
Your spell library was empty.

Dungeon Overview and Level Annotations

Branches:
Dungeon (1/1)

Altars:
Cheibriados
Dithmenos
Elyvilon
Fedhas
Gozag
Hepliaklqana
Kikubaaqudgha
Makhleb
Nemelex Xobeh
Okawaru
Qazlal
Ru
Sif Muna
Trog
Uskayaw
Vehumet
Wu Jian
Xom
Yredelemnul
Zin
The Shining One
Jiyva
Lugonu

Shops:
D =::((?[([!:[!=?

Annotations:
D exclusions: obsidian statue and oklob plant


Innate Abilities, Weirdness & Mutations

You have a pair of horns on your head.
You reflexively headbutt those who attack you in melee.
You are very frail. (-20% HP)
Your magical capacity is low. (-10% MP)
You are strong-willed. (Will+)
Your natural rate of healing is unusually fast.


Message History

The centaur warrior unwields a +0 longbow.
The centaur warrior hits you!
* * * LOW HITPOINT WARNING * * *
The centaur warrior barely misses you.
Your Fighting skill increases to level 12!
Your Long Blades skill increases to level 16!
Your Armour skill increases to level 12!
You feel much better. The centaur warrior hits you.
The centaur warrior kicks you but does no damage.
The centaur warrior hits you!
* * * LOW HITPOINT WARNING * * *
The centaur warrior kicks you.
* * * LOW HITPOINT WARNING * * *
You closely miss the centaur warrior. The centaur warrior hits you!
* * * LOW HITPOINT WARNING * * *
The centaur warrior kicks you but does no damage.
You slash the centaur warrior! You burn the centaur warrior.
The centaur warrior is moderately wounded.
The centaur warrior hits you but does no damage.
The centaur warrior kicks you but does no damage.
The centaur warrior hits you but does no damage.
The centaur warrior closely misses you.
You slash the centaur warrior! You burn the centaur warrior.
The centaur warrior is heavily wounded.
You block the centaur warrior's attack.
The centaur warrior kicks you but does no damage.
You block the centaur warrior's attack.
The centaur warrior kicks you but does no damage.
You slice the centaur warrior!! You burn the centaur warrior!
You kill the centaur warrior!
Qazlal accepts your kill.
You are now surrounded by a storm.
Your Shields skill increases to level 10!
Okay, then.
You completely miss the elephant. The elephant barely misses you. x2
You hit the elephant but do no damage. You headbutt the elephant.
The elephant is lightly wounded.
The elephant tramples you!
* * * LOW HITPOINT WARNING * * *
You hold your ground!
The elephant trunk-slaps you.
You die... z..≈## .zzzz

############≈≈#+++#+++##
###########≈≈≈.........#
##........#≈≈≈≈.##+##..#
##...⌠....#≈≈≈≈##. .##.###
##..∩.∩...#K≈≈≈#..#..#....
##.∩.∩.∩..#≈≈####...####..
##∩.∩...°.#c##. ##÷###.##.
##.∩...∩.@#H#$.B##.##..##.
##∩.....∩.Yz+ #+.<.'.##+.
##.......∩#≈#..B##.##.#.#.
#▓▓▓▓▓▓▓###≈##. ##'###.##.
##lSS######≈≈####.#.####≈§
#=Sl#h$ ##≈≈≈#..##.#≈≈≈≈
#∩Pl+$.# #'#≈##..###≈≈≈≈
#$$.#)##§ #.#≈≈##'##≈§≈≈≈
#!..###≈≈ ####≈≈≈≈≈≈≈≈≈§§


You could see a yaktaur captain, an elephant, a skeletal warrior, an oklob
plant, a manticore, a kobold demonologist, 3 water moccasins and 3 wyverns.

Vanquished Creatures
  Kirke (D)
  A centaur warrior (D)
  A yaktaur (D)
  3 polar bears (D)
  A hornet (D)
  4 neqoxecs (D)
  A vampire mosquito (D)
  Menkaure (D)
  A water moccasin (D)
  4 necrophages (D)
  3 worms (D)
21 creatures vanquished.

Notes
Turn   | Place    | Note
-------+----------+-------------------------------------------
     0 | D        | Hipnos the Minotaur Fighter began the quest for the Orb.
     0 | D        | Reached XP level 1. HP: 19/19 MP: 0/0
     1 | D        | Noticed a boulder beetle
     1 | D        | Noticed a boulder beetle
    30 | D        | Reached skill level 3 in Long Blades
    30 | D        | Reached XP level 2. HP: 14/28 MP: 1/1
   280 | D        | Noticed a necrophage
   280 | D        | Noticed a necrophage
   280 | D        | Noticed a necrophage
   280 | D        | Noticed a necrophage
   286 | D        | Killed a necrophage
   287 | D        | Reached skill level 5 in Long Blades
   287 | D        | Reached skill level 5 in Shields
   287 | D        | Reached XP level 3. HP: 37/37 MP: 2/2
   287 | D        | Reached XP level 4. HP: 44/44 MP: 3/3
   293 | D        | Killed a necrophage
   294 | D        | Reached skill level 6 in Long Blades
   301 | D        | Killed a necrophage
   302 | D        | Reached skill level 7 in Long Blades
   302 | D        | Reached skill level 1 in Stealth
   302 | D        | Reached XP level 5. HP: 34/52 MP: 4/4
   306 | D        | Reached skill level 8 in Long Blades
   440 | D        | Noticed a neqoxec
   440 | D        | Noticed a neqoxec
   440 | D        | Noticed a neqoxec
   440 | D        | Noticed a neqoxec
   446 | D        | Gained mutation: Your natural rate of healing is unusually
                  | fast. [a neqoxec]
   451 | D        | Gained mutation: You are frail. (-10% HP) [a neqoxec]
   460 | D        | Killed a neqoxec
   461 | D        | Reached skill level 9 in Long Blades
   461 | D        | Reached skill level 1 in Dodging
   461 | D        | Reached XP level 6. HP: 47/55 MP: 5/5
   469 | D        | Lost intelligence.
   472 | D        | Killed a neqoxec
   473 | D        | Reached skill level 10 in Long Blades
   473 | D        | Reached XP level 7. HP: 45/63 MP: 6/6
   482 | D        | Killed a neqoxec
   483 | D        | Reached skill level 11 in Long Blades
   487 | D        | Gained mutation: You are strong-willed. (Will+) [a neqoxec]
   488 | D        | Gained mutation: Your magical capacity is low. (-10% MP) [a
                  | neqoxec]
   493 | D        | Gained mutation: You are very frail. (-20% HP) [a neqoxec]
   494 | D        | Killed a neqoxec
   495 | D        | Reached skill level 12 in Long Blades
   495 | D        | Reached skill level 10 in Armour
   539 | D        | Noticed an obsidian statue
   542 | D        | Found Doruak's Magic Scroll Shop.
   543 | D        | Found Feosch's Distillery.
   543 | D        | Found Boheck's Jewellery Boutique.
   544 | D        | Found Mojiargho's Book Shop.
   544 | D        | Found Oresucet's Antique Armour Shop.
   545 | D        | Found Kauzuoq's Distillery.
   546 | D        | Found Deklisasm's Antique Weapon Shop.
   546 | D        | Found Naycsus's Antique Armour Shop.
   547 | D        | Found Isusai's Antique Armour Shop.
   547 | D        | Found Kuabou's Magic Scroll Boutique.
   548 | D        | Noticed a wyvern
   551 | D        | Noticed Menkaure
   555 | D        | Reached skill level 10 in Fighting
   559 | D        | Killed Menkaure
   595 | D        | Found Ilofuump's Weapon Shop.
   595 | D        | Found Orghoxiuc's Weapon Boutique.
   595 | D        | Noticed an oklob plant
   596 | D        | Found Fesi's Book Shop.
   596 | D        | Found Kanarphi's Jewellery Boutique.
   596 | D        | Found Ruc Naibar's Book Shoppe.
   596 | D        | Noticed a wyvern
   597 | D        | Noticed a wyvern
   601 | D        | Bought a potion of heal wounds for 55 gold pieces
   601 | D        | Bought a potion of heal wounds for 55 gold pieces
   602 | D        | Noticed a polar bear
   605 | D        | Noticed a polar bear
   610 | D        | Bought a shiny ring mail for 168 gold pieces
   610 | D        | Bought a pair of gloves for 108 gold pieces
   628 | D        | Bought an ebony scimitar for 144 gold pieces
   628 | D        | Identified the +6 scimitar "Havoguyn" {flame, Will+} (You
                  | bought it in a shop in the Dungeon)
   638 | D        | Noticed a vampire mosquito
   644 | D        | Killed a vampire mosquito
   645 | D        | Reached skill level 13 in Long Blades
   645 | D        | Reached XP level 8. HP: 51/64 MP: 6/6
   766 | D        | Found an iron altar of Okawaru.
   766 | D        | Found an opulent altar of Gozag.
   767 | D        | Found a sparkling altar of Nemelex Xobeh.
   767 | D        | Found a blossoming altar of Fedhas.
   768 | D        | Found a radiant altar of Vehumet.
   768 | D        | Found a burning altar of Makhleb.
   768 | D        | Found a white marble altar of Elyvilon.
   769 | D        | Found a hide-covered altar of Uskayaw.
   769 | D        | Found a corrupted altar of Lugonu.
   769 | D        | Found a shadowy altar of Dithmenos.
   770 | D        | Found a glowing silver altar of Zin.
   770 | D        | Found a bloodstained altar of Trog.
   770 | D        | Found an ancient bone altar of Kikubaaqudgha.
   771 | D        | Found a basalt altar of Yredelemnul.
   771 | D        | Found a shimmering blue altar of Sif Muna.
   771 | D        | Found a viscous altar of Jiyva.
   772 | D        | Found a shimmering altar of Xom.
   772 | D        | Found a sacrificial altar of Ru.
   774 | D        | Found a glowing golden altar of the Shining One.
   774 | D        | Found an ornate altar of the Wu Jian Council.
   774 | D        | Found a stormy altar of Qazlal.
   774 | D        | Found a snail-covered altar of Cheibriados.
   774 | D        | Found a hazy altar of Hepliaklqana.
   774 | D        | Noticed a hornet
   774 | D        | Noticed a polar bear
   774 | D        | Noticed a polar bear
   774 | D        | Noticed a yaktaur
   774 | D        | Noticed a polar bear
   782 | D        | Killed a polar bear
   785 | D        | Killed a polar bear
   786 | D        | Reached skill level 14 in Long Blades
   789 | D        | Killed a polar bear
   803 | D        | Killed a hornet
   804 | D        | Reached skill level 15 in Long Blades
   808 | D        | Killed a yaktaur
   809 | D        | Reached XP level 9. HP: 34/72 MP: 7/7
   854 | D        | Became a worshipper of Qazlal Stormbringer
   896 | D        | Noticed Kirke
   896 | D        | Noticed a skeletal warrior
   896 | D        | Noticed a kobold demonologist
   897 | D        | Noticed a centaur warrior
   898 | D        | Noticed an elephant
   898 | D        | Noticed a yaktaur captain
   909 | D        | Noticed a manticore
   921 | D        | Noticed a lindwurm
   924 | D        | Killed Kirke
   925 | D        | Reached skill level 16 in Long Blades
   929 | D        | Killed a centaur warrior
   929 | D        | Reached * piety under Qazlal
   930 | D        | Reached skill level 10 in Shields
   931 | D        | HP: 1/73 [elephant (12)]
   931 | D        | Slain by an elephant

Illustrated notes

Levels and vault maps discovered:
D:        the_violet_keep_of_menkaure [sprint2_stairs_cluster_1,
          sprint2_shoproom, sprint2_temple, sprint2_basic_supplies,
          sprint2_obstacle_3, sprint2_obstacle_4, sprint2_obstacle_1,
          sprint2_obstacle_5, sprint2_obstacle_2, sprint2_timed_cluster_1,
          sprint2_smallroom_cluster_1, sprint2_smallroom_final_cluster_1,
          sprint2_transparent_cluster_1, sprint2_second_timed_cluster_1,
          sprint2_sniper_area_1, sprint2_heavy_combat_area_1,
          sprint2_mutation_trap_area_1, sprint2_forest_area_1,
          sprint2_light_combat_area_1, sprint2_behind_water_1,
          sprint2_near_end_vault_1]

Skill      XL: |  1  2  3  4  5  6  7  8  9 |
---------------+----------------------------+-----
Fighting       | 4 6 7 8 9 10 11 12 | 12.8
Armour         | 4 6 7 8 9 10 11 12 | 12.6
Shields        | 4 5 7 8 9 10 | 10.0
Long Blades    | 3 5 7 9 10 13 15 16 | 16.8
Stealth        | 1 2 |  2.4
Dodging        | 1 2 4 |  4.8

Action                   |  1- 3 |  4- 6 |  7- 9 || total
-------------------------+-------+-------+-------++-------
Melee: Long sword        |    27 |    45 |    28 ||   100
       Headbutt          |     6 |     8 |    18 ||    32
       Scimitar          |       |       |    51 ||    51
  Use: Potion            |     1 |     1 |     5 ||     7
Armor: Scale mail        |     6 |    11 |     4 ||    21
       Ring mail         |       |       |    19 ||    19
Dodge: Dodged            |     5 |    11 |    25 ||    41
Block: Buckler           |     5 |     7 |    14 ||    26

Table legend: (Time is in decaauts)
 A = Elapsed time spent in this place.
 B = Non-inter-level travel time spent in this place.
 C = Inter-level travel time spent in this place.
 D = Time resting spent in this place.
 E = Time spent auto-exploring this place.
 F = Levels seen in this place.
 G = Mean time per level.
                   A        B        C        D        E       F      G
               +--------+--------+--------+--------+--------+-----+--------+
         Total |    966 |    966 |      0 |    555 |      0 |   1 |  966.0 |
       Dungeon |    966 |    966 |      0 |    555 |      0 |   1 |  966.0 |
               +--------+--------+--------+--------+--------+-----+--------+

Top non-repeatable levels by time:
       D: 966 daAuts
